Map: Prion Terraces

Players

Yulian - Winner!

  • Race: Terran Terran
  • League: Master

Flovirus

  • Race: Protoss Protoss
  • League: Diamond

VOD

Have the link to the VOD?

Description

Time

  • Played on: Jan. 13, 2016, 3:39 p.m.
  • Length: 5:30
Show
View Real Time Build Order
Export as new Build Order

Yulian Terran - Winner!

Build Orders: Liberator Opening 

Get SALT Encoding   

  12  0:00  SCV  
  13  0:13  SCV  
  14  0:17  Supply Depot  
  14  0:25  SCV  
  15  0:39  SCV  
  15  0:41  Barracks  
  16  0:48  Refinery  
  16  0:51  SCV  
  16  0:55  Refinery  
  17  1:03  SCV  
  18  1:15  SCV  
  19  1:28  Marine  
  19  1:30  Orbital Command  
  19  1:32  Supply Depot  
  20  1:49  Barracks Reactor, Factory  
  20  1:57  SCV  
  21  2:09  SCV  
  22  2:20  Supply Depot  
  22  2:21  SCV  
  23  2:25  Marine  
  23  2:26  Marine  
  25  2:34  Starport, Widow Mine  
  27  2:43  Marine x2  
  28  2:52  SCV  
  28  2:56  Supply Depot  
  29  3:02  Marine, Widow Mine  
  29  3:03  Marine  
  33  3:12  Medivac  
  35  3:15  Supply Depot  
  35  3:20  Marine x2  
  35  3:24  Liberator  
  37  3:33  Factory Tech Lab  
  37  3:36  SCV  
  38  3:47  Marine x2  
  43  3:54  Barracks  
  43  3:58  Siege Tank  
  46  4:06  Marine x2  
  48  4:24  Marine x2  
  48  4:28  Liberator  
  50  4:37  Siege Tank  
  53  4:42  Marine x2  
  53  4:45  Marine  
  58  5:05  Marine x2  
  58  5:06  Marine  
  58  5:17  Barracks  
  58  5:18  Supply Depot  
Show
View Real Time Build Order
Export as new Build Order

Flovirus Protoss 

Build Orders: Blink Stalkers 

Get SALT Encoding   

  12  0:01  Probe (Chrono Boost)  
  13  0:11  Probe (Chrono Boost)  
  14  0:21  Pylon  
  14  0:23  Probe (Chrono Boost)  
  15  0:39  Probe (Chrono Boost)  
  15  0:42  Gateway  
  16  0:47  Assimilator  
  16  0:50  Probe (Chrono Boost)  
  16  0:54  Assimilator  
  17  1:00  Probe (Chrono Boost)  
  19  1:11  Probe (Chrono Boost)  
  19  1:14  Pylon  
  19  1:21  Probe (Chrono Boost)  
  20  1:32  Probe (Chrono Boost)  
  21  1:34  Cybernetics Core  
  21  1:43  Probe (Chrono Boost)  
  22  1:54  Nexus  
  22  1:55  Probe (Chrono Boost)  
  22  2:02  Assimilator  
  22  2:16  Probe (Chrono Boost)  
  22  2:17  Twilight Council  
  22  2:21  Stalker (Chrono Boost)  
  25  2:27  Probe  
  26  2:38  Warp Gate  
  26  2:40  Probe  
  27  2:44  Gateway  
  27  2:56  Blink (Chrono Boost)  
  27  3:04  Probe  
  28  3:08  Probe, Gateway  
  29  3:16  Probe  
  29  3:19  Probe  
  31  3:28  Probe  
  31  3:29  Probe  
  31  3:32  Stalker  
  31  3:34  Stalker  
  35  3:40  Probe x2  
  39  3:50  Probe  
  39  3:53  Probe  
  41  3:59  Pylon  
  41  4:01  Probe  
  41  4:04  Gateway  
  41  4:06  Stalker  
  41  4:08  Stalker  
  46  4:24  Robotics Facility  
  30  5:04  Probe  
  30  5:05  Probe  
  32  5:11  Observer (Chrono Boost)  
  32  5:12  Stalker x3  
Tags
 
Add a new tag
Caveats
  • Supply blocks, unpowered buildings, or Contaminate may cause inaccurate times.
  • Supply counts are checked every 10 seconds.